 Dungeon Sprint DCSS version 0.23-a0-619-g281719c (webtiles) character file.

29800000 Cecillian the Conqueror (level 27, -9414/323 HPs)
             Began as a Troll Fighter on Dec 22, 2018.
             Was the Champion of Makhleb.
             Annihilated by The Meatlord
             ... wielding the +7 sceptre of Torment {pain, torment}
              (9556 damage)
             ... in the Dungeon (Sprint VIII: "Arena of Blood").
             The game lasted 00:06:09 (298 turns).

Cecillian the Conqueror (Troll Fighter)              Turns: 298, Time: 00:06:10

Health: -9414/323  AC:  7    Str: 41    XL:     27
Magic:  53/53      EV: 22    Int:  4    God:    Makhleb [******]
Gold:   0          SH:  0    Dex:  9    Spells: 80/80 levels left

rFire    . . .     SeeInvis .   k - +โˆž Axe of Woe
rCold    . . .     Gourm    +   (shield currently unavailable)
rNeg     . . .     Faith    .   a - +0 robe
rPois    .         Spirit   .   (helmet restricted)
rElec    .         Reflect  .   (no cloak)
rCorr    .         Harm     .   (gloves unavailable)
MR       ++...     NoTele   +   (boots unavailable)
Stlth    +++++++++.             (no amulet)
HPRegen  1.03/turn              n - +30 ring of slaying
MPRegen  0.33/turn              q - +200 ring of slaying

@: no status effects
A: large, unfitting armour, claws 3, fast metabolism 3, gourmand, regeneration
1, shaggy fur 1, tough skin 2
a: Minor Destruction, Lesser Servant of Makhleb, Major Destruction, Greater
Servant of Makhleb, Renounce Religion


You were in the Dungeon.
You worshipped Makhleb.
Makhleb was exalted by your worship.
You were not hungry.

You visited 1 branch

Inventory:

Hand Weapons
 k - the +โˆž Axe of Woe (weapon)
   (You found it in the Dungeon)
Armour
 a - a +0 robe (worn)
 b - a +0 shield
Jewellery
 l - an uncursed ring of see invisible
 m - a +30 ring of slaying
 n - a +30 ring of slaying (left claw)
 o - a +30 ring of slaying
 p - a +30 ring of slaying
 q - a +200 ring of slaying (right claw)
 r - a +30 ring of slaying
 s - a +30 ring of slaying
 t - a +30 ring of slaying
 u - a +30 ring of slaying
 v - a +30 ring of slaying
 w - a +30 ring of slaying
 x - a +30 ring of slaying
 y - a +30 ring of slaying
 z - a +30 ring of slaying
 A - a +30 ring of slaying
 B - a +30 ring of slaying
 C - a +30 ring of slaying
Scrolls
 j - a scroll of blinking
Potions
 c - a potion of might
 e - a potion of curing
 f - a potion of heal wounds
 g - a potion of haste
 h - 2 potions of magic
 i - a potion of berserk rage
Comestibles
 d - 2 rations


   Skills:
 O Level 27 Fighting
 O Level 27 Axes
 O Level 27 Throwing
 O Level 27 Armour
 O Level 27 Dodging
 O Level 27 Stealth
 O Level 27 Shields
 O Level 27 Unarmed Combat
 O Level 27 Spellcasting
 O Level 27 Invocations


You had 80 spell levels left.
You didn't know any spells.
Your spell library was empty.

Dungeon Overview and Level Annotations

Branches:
Dungeon (1/1)

Altars:
Makhleb

Annotations:
D The Meatlord


Innate Abilities, Weirdness & Mutations

You are too large for most types of armour.
You have claws for hands.
Your metabolism is lightning-fast.
You like to eat raw meat.
Your natural rate of healing is unusually fast.
You are covered in fur. (AC +1)
You have very tough skin. (AC +2)


Message History

You hear a shout!
You hear a shout!
You hear a shout!
Things that are here:
a +9 battleaxe; a meat berserker corpse You hear a shout!
You hear a shout!
You hear a shout! x2
You hear a shout!
The Meatlord shouts, "Flounder, thou tasty junket!"
You hear a shout!
You hear a shout! x2
Put on which piece of jewellery? (? for menu, Esc to quit)
Okay, then.
You hear a shout!
You hear a shout!
You hear a shout!
The Meatlord hits you with the +7 sceptre of Torment {pain, torment}!!!!!!!!!!!
Ouch! That really hurt!
You die...

####... ###...... ..
....%%...####...
........#.......
....&......#......
............#...... .....
###...#.....
.....###.&.)..#..........
....#...@...)............
........#..)ยง............
........)#).......#......
............#.....#......
.........#......###......
....#..).............###.
....##.......#.......)_))
.. #..)..#.......#.))).
.....###.)....)...#_.<._


You could see The Meatlord.

Vanquished Creatures
  4 vampire knights (D)
  24 ogres (D)
  6 two-headed ogres (D)
  146 orcs (D)
180 creatures vanquished.

Notes
Turn   | Place    | Note
-------+----------+-------------------------------------------
     0 | D        | Found the +โˆž Axe of Woe
     0 | D        | Cecillian the Troll Fighter began the quest for the Orb.
     0 | D        | Reached XP level 1. HP: 22/22 MP: 0/0
     1 | D        | Noticed a bag of meat
     2 | D        | Noticed a bag of meat
     2 | D        | Noticed a bag of meat
     3 | D        | Noticed a bag of meat
     4 | D        | Noticed a bag of meat
     4 | D        | Noticed a bag of meat
     5 | D        | Noticed a bag of meat
     8 | D        | Noticed a meat berserker
     9 | D        | Killed a bag of meat
     9 | D        | Reached XP level 2. HP: 53/53 MP: 1/1
     9 | D        | Reached XP level 3. HP: 61/61 MP: 2/2
     9 | D        | Reached XP level 4. HP: 70/70 MP: 3/3
     9 | D        | Reached XP level 5. HP: 78/78 MP: 4/4
     9 | D        | Reached XP level 6. HP: 87/87 MP: 5/5
     9 | D        | Reached XP level 7. HP: 94/94 MP: 6/6
     9 | D        | Reached XP level 8. HP: 104/104 MP: 7/7
     9 | D        | Reached XP level 9. HP: 111/111 MP: 8/8
     9 | D        | Reached XP level 10. HP: 120/120 MP: 9/9
     9 | D        | Reached XP level 11. HP: 128/128 MP: 10/10
     9 | D        | Noticed a bag of meat
    10 | D        | Noticed a meat berserker
    11 | D        | Killed a bag of meat
    11 | D        | Reached skill level 15 in Fighting
    11 | D        | Reached skill level 15 in Dodging
    11 | D        | Reached skill level 15 in Shields
    11 | D        | Reached skill level 10 in Unarmed Combat
    11 | D        | Reached XP level 12. HP: 144/144 MP: 11/11
    11 | D        | Killed a bag of meat
    11 | D        | Reached XP level 13. HP: 156/156 MP: 12/12
    11 | D        | Noticed a bag of meat
    12 | D        | Killed a meat berserker
    12 | D        | Reached XP level 14. HP: 172/172 MP: 13/13
    12 | D        | Killed a bag of meat
    12 | D        | Reached XP level 15. HP: 183/183 MP: 14/14
    12 | D        | Reached skill level 10 in Axes
    13 | D        | Killed a meat berserker
    13 | D        | Reached XP level 16. HP: 193/198 MP: 15/15
    15 | D        | Became a worshipper of Makhleb the Destroyer
    16 | D        | Reached skill level 15 in Axes
    16 | D        | Reached skill level 15 in Unarmed Combat
    16 | D        | Reached XP level 17. HP: 176/213 MP: 16/16
    16 | D        | Reached * piety under Makhleb
    18 | D        | Reached ** piety under Makhleb
    18 | D        | Reached XP level 18. HP: 206/230 MP: 17/17
    19 | D        | Noticed a large bag of meat
    22 | D        | Noticed a large bag of meat
    23 | D        | Reached *** piety under Makhleb
    24 | D        | Noticed a meat berserker
    25 | D        | Killed a large bag of meat
    25 | D        | Reached skill level 27 in Fighting
    25 | D        | Reached XP level 19. HP: 190/245 MP: 18/18
    26 | D        | Noticed a meat berserker
    27 | D        | Reached **** piety under Makhleb
    27 | D        | Reached skill level 27 in Dodging
    27 | D        | Reached skill level 27 in Shields
    28 | D        | Killed a meat berserker
    28 | D        | Reached skill level 27 in Axes
    28 | D        | Reached XP level 20. HP: 256/256 MP: 19/19
    29 | D        | Reached skill level 27 in Unarmed Combat
    30 | D        | Killed a meat berserker
    30 | D        | Reached ***** piety under Makhleb
    30 | D        | Noticed a meat berserker
    31 | D        | Killed a large bag of meat
    33 | D        | Noticed a meat berserker
    35 | D        | Killed a meat berserker
    35 | D        | Reached skill level 10 in Stealth
    35 | D        | Reached skill level 10 in Spellcasting
    35 | D        | Reached XP level 21. HP: 265/265 MP: 20/34
    40 | D        | Reached XP level 22. HP: 275/275 MP: 21/35
    42 | D        | Reached ****** piety under Makhleb
    43 | D        | Reached skill level 27 in Stealth
    44 | D        | Reached skill level 15 in Throwing
    44 | D        | Reached skill level 15 in Invocations
    44 | D        | Reached skill level 15 in Armour
    44 | D        | Reached XP level 23. HP: 284/284 MP: 21/38
    44 | D        | Noticed a large bag of meat
    44 | D        | Noticed a destroyer
    47 | D        | Reached skill level 15 in Spellcasting
    53 | D        | Killed a destroyer
    53 | D        | Reached XP level 24. HP: 295/295 MP: 23/43
    57 | D        | Killed a large bag of meat
    57 | D        | Reached skill level 27 in Throwing
    57 | D        | Reached skill level 27 in Invocations
    57 | D        | Reached XP level 25. HP: 304/304 MP: 24/47
    58 | D        | Reached skill level 27 in Armour
    61 | D        | Reached skill level 27 in Spellcasting
    62 | D        | Reached XP level 26. HP: 314/314 MP: 25/53
    68 | D        | Noticed a destroyer
    88 | D        | Killed a destroyer
    88 | D        | Reached XP level 27. HP: 276/323 MP: 33/53
    90 | D        | Noticed a destroyer
    96 | D        | Killed a destroyer
    99 | D        | Noticed a large bag of meat
   129 | D        | Killed a large bag of meat
   151 | D        | Noticed a destroyer
   160 | D        | Killed a destroyer
   190 | D        | Noticed The Meatlord
   267 | D        | Noticed a large bag of meat
   272 | D        | Noticed a large bag of meat
   273 | D        | Killed a large bag of meat
   280 | D        | Killed a large bag of meat
   298 | D        | Annihilated by The Meatlord

Vault maps used:
D:        meatsprint

Skill      XL: |  1  2  3  4  5  6  7  8  9 10 11 12 13 14 15 16 17 18 19 20 21 22 23 24 25 |
---------------+----------------------------------------------------------------------------+-----
Fighting       | 13 15 17 19 21 23 25 27 | 27.0
Axes           | 3 4 6 8 9 12 15 18 23 27 | 27.0
Dodging        | 13 15 16 18 19 21 22 24 26 27 | 27.0
Shields        | 13 15 16 18 19 21 23 24 26 27 | 27.0
Unarmed Combat | 8 10 11 12 14 15 16 18 25 27 | 27.0
Throwing       | 14 16 22 27 | 27.0
Armour         | 13 15 21 26 27 | 27.0
Stealth        | 10 21 27 | 27.0
Spellcasting   | 10 12 17 21 27 | 27.0
Invocations    | 14 16 22 27 | 27.0

Action                   |  1- 3 |  4- 6 |  7- 9 | 10-12 | 13-15 | 16-18 | 19-21 | 22-24 | 25-27 || total
-------------------------+-------+-------+-------+-------+-------+-------+-------+-------+-------++-------
Melee: Executioner's axe |     1 |       |       |     1 |     2 |     7 |     8 |    12 |    95 ||   126
Armor: Robe              |       |       |       |       |       |       |       |       |     1 ||     1
Dodge: Dodged            |       |       |       |     1 |     1 |       |     1 |       |     8 ||    11

Table legend:
 A = Non-vault XP
 B = Vault XP
 C = Vault XP percentage of total XP
 D = Non-vault monster count
 E = Vault monster count
 F = Vault count percentage of total count
                 A         B        C        D         E       F
            +---------+---------+-------+---------+---------+-------
      Total |       0 | 4061775 | 100.0 |       0 |     180 | 100.0
            +---------+---------+-------+---------+---------+-------
          D |       0 | 4061775 | 100.0 |       0 |     180 | 100.0
            +---------+---------+-------+---------+---------+-------
